 Dungeon Crawl Stone Soup version 0.23-a0-550-g7de1f8e (webtiles) character file.

6717 Geeful the Covert (level 11, -9/67 HPs)
             Began as an Octopode Earth Elementalist on Dec 8, 2018.
             Was a Believer of Nemelex Xobeh.
             Mangled by a wyvern (15 damage)
             ... on level 9 of the Dungeon.
             The game lasted 00:43:49 (13453 turns).

Geeful the Covert (Octopode Earth Elementalist)    Turns: 13453, Time: 00:43:50

Health: -9/67      AC:  1    Str:  8    XL:     11   Next: 4%
Magic:  29/30      EV: 17    Int: 20    God:    Nemelex Xobeh [**....]
Gold:   596        SH:  0    Dex: 13    Spells: 22/23 levels left

rFire    . . .     SeeInvis +   l - +2 short sword (venom)
rCold    + + .     Gourm    .   (no shield)
rNeg     + . .     Faith    .   (helmet restricted)
rPois    .         Spirit   .   (no amulet)
rElec    .         Reflect  .   s - ring of positive energy
rCorr    .         Harm     .   v - ring of see invisible
MR       +....     Rnd*Tele +   x - ring "Soummuac" {rC+ MR+ MP+9}
Stlth    ++++++....             (no ring)
HPRegen  0.21/turn              (no ring)
MPRegen  0.22/turn              (no ring)
                                (no ring)
                                (no ring)

@: very slightly contaminated
A: almost no armour, stealthy swim, amphibious, 8 rings, constrict 8, camouflage
1, cold resistance 1, robust 1, teleportitis 1, gelatinous body 1
a: Renounce Religion


You were on level 9 of the Dungeon.
You worshipped Nemelex Xobeh.
Nemelex Xobeh was pleased with you.
You were not hungry.

You visited 2 branches of the dungeon, and saw 11 of its levels.
You also visited: Sewer and Bailey.

You collected 596 gold pieces.

Inventory:

Hand Weapons
 l - a +2 short sword of venom (weapon)
 o - a +0 blowgun
Missiles
 b - 43 stones (quivered)
 j - 73 poisoned needles
Jewellery
 s - a ring of positive energy (left tentacle)
 v - a ring of see invisible (right tentacle)
 x - the ring "Soummuac" (on tentacle) {rC+ MR+ MP+9}
   (You acquired it in a bailey)

   [ring of magical power]

   It protects you from cold.
   It affects your resistance to hostile enchantments.
   It affects your magic capacity (+9).
Scrolls
 d - 2 scrolls of remove curse
 g - a scroll of enchant armour
 m - a scroll of enchant weapon
 t - a scroll of identify
Potions
 a - a potion of flight
 f - a potion of brilliance
 h - a potion of ambrosia
 n - a potion of mutation
 q - a potion of haste
 u - a potion of cancellation
 z - 3 potions of might
 A - a potion of lignification
Comestibles
 c - 7 rations


   Skills:
 + Level 7.2 Dodging
 * Level 12.2 Stealth
 + Level 6.7 Spellcasting
   Level 1.0 Transmutations
 + Level 7.6 Earth Magic
 * Level 7.8 Invocations


You had 22 spell levels left.
You knew the following spells:

 Your Spells              Type           Power        Failure   Level  Hunger
a - Sandblast             Erth           #####.       1%          1    None

Your spell library contained the following spells:

 Spells                   Type           Power        Failure   Level  Hunger
 Passwall                 Tmut/Erth      ###.....     2%          2    None
 Stone Arrow              Conj/Erth      ###...       6%          3    #......
 Sting                    Conj/Pois      #...         10%         1    None
 Lee's Rapid Deconstruct  Erth           #####.....   12%         5    #####..
 Poisonous Vapours        Pois/Air       #.....       14%         2    None
 Petrify                  Tmut/Erth      ###.....     16%         4    ###....
 Mephitic Cloud           Conj/Pois/Air  #.......     28%         3    #......
 Olgreb's Toxic Radiance  Pois           #.......     67%         4    ###....
 Venom Bolt               Conj/Pois      #.........   95%         5    #####..


Dungeon Overview and Level Annotations

Branches:
Dungeon (10/15)            Temple (1/1) D:6            Lair (0/6) D:8
    Orc: D:9-12

Altars:
Cheibriados
Dithmenos
Elyvilon
Fedhas
Gozag
Makhleb
Nemelex Xobeh
Qazlal
Ru
Sif Muna
Uskayaw
Vehumet
Xom

Shops:
D:8 !

Annotations:
D:10 Grum


Innate Abilities, Weirdness & Mutations

You cannot wear most types of armour.
You are very stealthy in the water. (Stealth+)
You are amphibious.
You can wear up to eight rings at the same time.
You can use your tentacles to constrict eight enemies at once.
Your skin changes colour to match your surroundings (Stealth+).
Your rubbery body absorbs attacks. (AC +1, EV +1)
Your flesh is cold resistant. (rC+)
You are robust. (+10% HP)
You are occasionally teleported next to monsters.


Message History

The wyvern closely misses you. x2
You climb downwards. 4 wolves and Grum come into view.
There is a stone staircase leading up here.
The wyvern completely misses you.
You climb upwards.
There is a stone staircase leading down here.
Casting: Sandblast (safe; 1% risk of failure)
Confirm with . or Enter, or press ? or * to list all spells.
Aiming: Sandblast (safe; 1% risk of failure)
Press: ? - help, Shift-Dir - straight line, f - wyvern
Aim: a wyvern The blast of sand hits the wyvern.
The wyvern is heavily wounded.
b - 43 stones The wyvern bites you!!
* * * LOW HITPOINT WARNING * * *
The wyvern bites you!
You die...
Your body disappears without a glow.

#.################.
#...@.K............
#...l..............
#..########.......©
#..# #..K###..
#..########...####
#....KK............
#..................
#..###############.##
#..# #...


You could see a wyvern and a big kobold.

Vanquished Creatures
  A hydra (D:7)
  Pikel (D:5)
  2 orc knights (Bailey)
  Eustachio (D:6)
  A slave (D:5)
  Purgy (Sewer)
  Duvessa (D:6)
  4 orc warriors
  A sky beast (D:8)
  A black bear (D:7)
  4 ice beasts
  3 phantoms
  3 ogres
  6 centaurs
  3 bullfrogs
  Dowan (D:5)
  4 scorpions
  5 killer bees (D:8)
  5 electric eels (Bailey)
  A howler monkey (D:6)
  A quasit (D:7)
  A bullfrog zombie (D:5)
  3 crimson imps
  A centaur skeleton (D:4)
  2 hounds
  3 orc priests
  3 jellies
  2 bullfrog skeletons
  10 orc wizards
  3 iguanas
  9 worker ants
  A hound zombie (D:6)
  2 hound skeletons
  A gnoll (D:3)
  13 adders
  2 howler monkey skeletons (D:5)
  A shadow imp (D:5)
  2 oozes
  An adder zombie (D:8)
  2 adder skeletons
  3 worms
  A dart slug (D:2)
  8 leopard geckos
  42 orcs
  9 bats
  10 giant cockroaches
  13 goblins
  11 hobgoblins
  13 jackals
  10 kobolds
  7 quokkas
  3 ball pythons
  2 frilled lizards (D:2)
  A jackal zombie (D:5)
  4 rats
249 creatures vanquished.

Vanquished Creatures (others)
  An ogre (D:6)
  A centaur (D:6)
  A killer bee (D:7)
  A crimson imp (D:6)
  A jelly (D:7)
  A dart slug (D:7)
  An orc (D:7)
  A ball python (D:7)
  6 plants (D:6)
14 creatures vanquished.

Grand Total: 263 creatures vanquished

Notes
Turn   | Place    | Note
-------+----------+-------------------------------------------
     0 | D:1      | Geeful the Octopode Earth Elementalist began the quest for
                  | the Orb.
     0 | D:1      | Reached XP level 1. HP: 11/11 MP: 3/3
   287 | D:1      | Reached skill level 3 in Stealth
   287 | D:1      | Reached XP level 2. HP: 2/17 MP: 1/5
  1432 | D:2      | Reached XP level 3. HP: 21/21 MP: 6/6
  1963 | D:2      | Reached XP level 4. HP: 24/27 MP: 7/7
  2258 | D:2      | Found a snail-covered altar of Cheibriados.
  2258 | D:2      | Found a shimmering altar of Xom.
  2258 | D:2      | Found a burning altar of Makhleb.
  2258 | D:2      | Found a shadowy altar of Dithmenos.
  2271 | D:2      | Found a radiant altar of Vehumet.
  2358 | D:2      | Reached skill level 4 in Stealth
  2805 | D:3      | Reached XP level 5. HP: 22/31 MP: 7/9
  3727 | D:3      | Reached XP level 6. HP: 36/36 MP: 10/10
  3846 | D:3      | Reached skill level 5 in Stealth
  4145 | D:4      | Noticed a phantom
  4176 | D:4      | Found a glowing drain.
  4348 | Sewer    | Entered a sewer
  4435 | Sewer    | Noticed Purgy
  4441 | Sewer    | Killed Purgy
  4441 | Sewer    | Reached XP level 7. HP: 25/41 MP: 9/12
  4639 | Sewer    | Gained mutation: You are occasionally teleported next to
                  | monsters. [potion of mutation]
  4639 | Sewer    | Gained mutation: You are robust. (+10% HP) [potion of
                  | mutation]
  4639 | Sewer    | Gained mutation: Your flesh is cold resistant. (rC+)
                  | [potion of mutation]
  4817 | D:4      | Found an opulent altar of Gozag.
  4951 | D:4      | Reached skill level 6 in Stealth
  5228 | D:4      | Reached skill level 5 in Earth Magic
  5433 | D:4      | You fall through a shaft for 2 floors!
  5501 | D:6      | Noticed Dowan
  5502 | D:6      | Noticed Duvessa
  5571 | D:6      | Noticed Eustachio
  5584 | D:6      | Killed Eustachio
  5584 | D:6      | Reached XP level 8. HP: 23/50 MP: 9/14
  5887 | D:6      | Reached skill level 7 in Stealth
  5895 | D:6      | HP: 2/50 [Duvessa/+0 short sword (7)]
  5900 | D:6      | Killed Duvessa
  5900 | D:6      | Reached skill level 5 in Dodging
  5908 | D:6      | Noticed Pikel
  6268 | D:6      | Found a staircase to the Ecumenical Temple.
  6277 | Temple   | Entered the Ecumenical Temple
  6306 | Temple   | Became a worshipper of Nemelex Xobeh the Trickster
  6439 | D:5      | Entered Level 5 of the Dungeon
  6468 | D:5      | Received a gift from Nemelex Xobeh
  6533 | D:4      | Reached skill level 1 in Invocations
  7266 | D:5      | Reached skill level 8 in Stealth
  7266 | D:5      | Reached skill level 5 in Spellcasting
  8177 | D:5      | Received a gift from Nemelex Xobeh
  8181 | D:5      | Found a white marble altar of Elyvilon.
  8204 | D:5      | Reached * piety under Nemelex Xobeh
  8240 | D:5      | Reached XP level 9. HP: 56/56 MP: 16/16
  8873 | D:5      | Killed Pikel
  8873 | D:5      | Reached skill level 9 in Stealth
  9059 | D:5      | Killed Dowan
  9462 | D:7      | Found a blossoming altar of Fedhas.
 10114 | D:7      | Noticed a six-headed hydra
 10124 | D:7      | Reached skill level 5 in Invocations
 10128 | D:7      | Killed a six-headed hydra
 10128 | D:7      | Reached skill level 10 in Stealth
 10128 | D:7      | Reached XP level 10. HP: 29/61 MP: 13/18
 10885 | D:7      | Reached skill level 11 in Stealth
 11100 | D:8      | Found Tafriqal's Distillery.
 11120 | D:8      | Found a staircase to the Lair.
 11146 | D:8      | Found a flagged portal.
 11157 | Bailey   | Entered a bailey
 11850 | Bailey   | Got a shimmering iron ring
 11851 | Bailey   | Identified the ring "Soummuac" {rC+ MR+ MP+9} (You acquired
                  | it in a bailey)
 11943 | Bailey   | Noticed an orc knight
 11954 | Bailey   | Killed an orc knight
 12243 | Bailey   | Noticed an orc knight
 12251 | Bailey   | Killed an orc knight
 12281 | Bailey   | Found an iron altar of Okawaru.
 12281 | Bailey   | Noticed an orc high priest
 12281 | Bailey   | Noticed an orc sorcerer
 12286 | Bailey   | Noticed a smoke demon
 12637 | D:8      | Found a blossoming altar of Fedhas.
 12734 | D:8      | Reached skill level 12 in Stealth
 12760 | D:8      | Reached ** piety under Nemelex Xobeh
 13212 | D:9      | Reached XP level 11. HP: 60/67 MP: 20/20
 13230 | D:9      | HP: 2/67 [orc warrior/+0 flail (17)]
 13450 | D:10     | Entered Level 10 of the Dungeon
 13450 | D:10     | Noticed Grum
 13453 | D:9      | Mangled by a wyvern

Vault maps used:
D:1:      dpeg_arrival_tiny_e, serial_forest, infiniplex_forest_lined_room_2,
          infiniplex_forest_lined_4_way, infiniplex_forest_clump_double,
          infiniplex_forest_clump_tiny, infiniplex_forest_straight_3
D:2:      kennysheep_the_goblin_king,
          chequers_temple_overflow_statue_of_worship, lemuel_doored_altar,
          chequers_serial_rivers_room_b, minmay_tetromino_i4
D:3:      st_stairs_13, minmay_unequal
D:4:      lemuel_round_altar, portal_sewer_entry_f
D:5:      elyvilon_altar_3, first_ration
D:6:      minmay_temple_entry_poolview, serial_bayou_lagoon_a,
          item_on_display_a, uniq_pikel, uniq_eustachio, uniq_duvessa
D:7:      fedhas_bush_and_centaur_altar
D:8:      kennysheep_little_box, dpeg_oklobed_lair, serial_shops,
          kennysheep_mini, enter_bailey_2
D:9:      gammafunk_cloud_chamber, lemuel_crystal_altar
D:10:     the_bakery, uniq_grum
Temple:   oiseaux_autumnal_temple
Sewer:    kennysheep_door_sewer
Bailey:   bailey_axe_of_yendor_kennysheep, bailey

Skill      XL: |  1  2  3  4  5  6  7  8  9 10 |
---------------+-------------------------------+-----
Stealth        | 3 4 5 6 8 10 12 | 12.2
Dodging        | 3 4 5 6 7 |  7.2
Spellcasting   | 3 4 5 6 |  6.7
Earth Magic    | 4 5 6 7 |  7.6
Invocations    | 3 5 7 |  7.8
Transmutations | |  1.0

Action                   |  1- 3 |  4- 6 |  7- 9 | 10-12 || total
-------------------------+-------+-------+-------+-------++-------
Melee: Unarmed           |    41 |       |       |       ||    41
       Constrict         |    21 |    37 |    53 |    30 ||   141
       Tentacles         |    16 |    20 |    36 |    26 ||    98
       Dagger            |    43 |    15 |       |       ||    58
       Short sword       |       |   118 |   209 |   128 ||   455
 Cast: Sandblast         |     3 |    10 |    43 |    47 ||   103
Evoke: Deck              |       |       |    12 |       ||    12
       Wand              |       |       |       |    15 ||    15
  Use: Scroll            |     6 |     1 |    11 |    11 ||    29
       Potion            |       |       |     5 |     1 ||     6
 Stab: Sleeping          |    12 |    19 |    16 |    10 ||    57
       Distracted        |       |     1 |       |       ||     1
       Paralysed         |       |       |       |     6 ||     6
  Eat: Chunk             |     3 |     8 |    10 |     3 ||    24
       Ration            |       |       |     3 |     2 ||     5
Armor: Skin              |    11 |     4 |    20 |     4 ||    39
Dodge: Dodged            |    66 |    65 |   210 |   121 ||   462

Table legend:
 A = Non-vault XP
 B = Vault XP
 C = Vault XP percentage of total XP
 D = Non-vault monster count
 E = Vault monster count
 F = Vault count percentage of total count
                 A         B        C        D         E       F
            +---------+---------+-------+---------+---------+-------
      Total |    6355 |    3242 |  33.8 |     212 |      41 |  16.2
            +---------+---------+-------+---------+---------+-------
        D:1 |      25 |       0 |   0.0 |      11 |       0 |   0.0
        D:2 |      96 |      24 |  20.0 |      24 |      10 |  29.4
        D:3 |     266 |      30 |  10.1 |      39 |       4 |   9.3
        D:4 |     624 |      12 |   1.9 |      13 |       5 |  27.8
        D:5 |     561 |     744 |  57.0 |      30 |       2 |   6.2
        D:6 |     543 |     341 |  38.6 |      22 |       2 |   8.3
        D:7 |    2428 |     108 |   4.3 |      40 |       1 |   2.4
        D:8 |    1152 |       0 |   0.0 |      21 |       0 |   0.0
        D:9 |     660 |       0 |   0.0 |      12 |       0 |   0.0
      Sewer |       0 |     161 | 100.0 |       0 |       6 | 100.0
     Bailey |       0 |    1822 | 100.0 |       0 |      11 | 100.0
            +---------+---------+-------+---------+---------+-------
